 Dungeon Crawl Stone Soup version 0.27-a0-998-g4cfe56dd59 (webtiles) character file.

Game seed: 5422980824260301782

224752 spiderkeys the Impaler (level 18, -10/146 HPs)
             Began as a Demonspawn Abyssal Knight on Apr 16, 2021.
             Was the Champion of Lugonu.
             Killed from afar by a war gargoyle (46 damage)
             ... with a spray of metal splinters
             ... on level 1 of the Vaults.
             The game lasted 01:25:35 (39917 turns).

spiderkeys the Impaler (Demonspawn Abyssal Knight) Turns: 39917, Time: 01:25:36

Health: -10/146    AC: 31    Str: 17    XL:     18   Next: 60%
Magic:  28/28      EV:  6    Int: 16    God:    Lugonu [******]
Gold:   4142       SH: 18    Dex: 12    Spells: 14/31 levels left

rFire    + . .     SeeInvis .   O - +7 demon trident (distort)
rCold    + . .     Faith    .   N - +1 kite shield {AC+3}
rNeg     . . .     Spirit   .   Q - +0 plate armour
rPois    +         Reflect  +   H - +2 hat {Stlth+}
rElec    +         Harm     .   h - +2 cloak
rCorr    .         Rampage  .   (gloves unavailable)
Will     +....                  v - +2 pair of boots
Stlth    ..........             E - amulet of reflection
HPRegen  0.34/turn              Y - +4 ring of slaying
MPRegen  0.42/turn              o - ring "Qoleosiff" {rElec rPois rF+ Slay+6}

@: no status effects
A: claws 3, molten scales 2, cold resistance 1, demonic guardian 1, magic
regeneration, freezing cloud immunity, weak 1
}: 1/15 runes: decaying
a: Renounce Religion, Depart the Abyss, Bend Space, Banish, Corrupt, Enter the
Abyss


You were on level 1 of the Vaults.
You worshipped Lugonu.
Lugonu was exalted by your worship.
You visited 5 branches of the dungeon, and saw 28 of its levels.
You visited the Abyss 1 time.
You also visited: Bailey and Gauntlet.

You collected 4800 gold pieces.
You spent 658 gold pieces at shops.


Innate Abilities, Weirdness & Mutations

You have claws for hands.
You are mostly covered in molten scales. (AC +3)
Your flesh is cold resistant. (rC+)
A weak demonic guardian rushes to your aid.
You regenerate magic rapidly.
You are immune to freezing clouds.
You are weak. (Str -2)


   Skills:
 + Level 14.1 Fighting
 - Level 16.1 Polearms
 - Level 5.0 Throwing
 + Level 12.9 Armour
 - Level 1.0 Dodging
 + Level 11.6 Shields
 - Level 7.1 Spellcasting
 * Level 12.1 Necromancy
 - Level 10.4 Invocations


You had 14 spell levels left.
You knew the following spells:

 Your Spells              Type           Power      Damage    Failure   Level
a - Animate Dead          Necr           22%        N/A       26%         4
b - Borgnjor's Vile Clut  Necr/Erth      12%        N/A       100%        5
c - Corpse Rot            Necr/Air       N/A        N/A       43%         2
d - Death Channel         Necr           22%        N/A       99%         6

Your spell library contained the following spells:

 Spells                   Type           Power      Damage    Failure   Level
 Agony                    Necr           44%        N/A       58%         5
 Corona                   Hex            5%         N/A       98%         1
 Magic Dart               Conj           20%        1d4       98%         1
 Shock                    Conj/Air       20%        1d4       98%         1
 Sting                    Tmut/Pois      20%        1d4       98%         1
 Summon Small Mammal      Summ           20%        N/A       98%         1
 Blink                    Tloc           N/A        N/A       99%         2
 Call Imp                 Summ           5%         N/A       99%         2
 Ensorcelled Hibernation  Hex/Ice        10%        N/A       99%         2
 Poisonous Vapours        Pois/Air       10%        N/A       99%         2
 Slow                     Hex            5%         N/A       99%         2
 Static Discharge         Conj/Air       5%         N/A       99%         2
 Call Canine Familiar     Summ           5%         N/A       100%        3
 Confusing Touch          Hex            5%         N/A       100%        3
 Conjure Flame            Conj/Fire      5%         6-21      100%        3
 Dazzling Flash           Conj/Hex       10%        N/A       100%        3
 Ignite Poison            Fire/Tmut/Pois 5%         N/A       100%        3
 Mephitic Cloud           Conj/Pois/Air  5%         N/A       100%        3
 Stone Arrow              Conj/Erth      10%        3d7       100%        3
 Summon Guardian Golem    Hex/Summ       5%         N/A       100%        3
 Swiftness                Air            5%         N/A       100%        3
 Tukima's Dance           Hex            5%         N/A       100%        3
 Airstrike                Air            2%         N/A       100%        4
 Animate Armour           Summ/Erth      10%        N/A       100%        4
 Leda's Liquefaction      Hex/Erth       2%         N/A       100%        4
 Olgreb's Toxic Radiance  Pois           5%         N/A       100%        4
 Summon Ice Beast         Ice/Summ       5%         N/A       100%        4
 Summon Lightning Spire   Summ/Air       5%         N/A       100%        4
 Alistair's Intoxication  Tmut/Pois      3%         N/A       100%        5
 Bolt of Magma            Conj/Fire/Erth 2%         4d4       100%        5
 Lightning Bolt           Conj/Air       2%         1d14      100%        5
 Silence                  Hex/Air        2%         N/A       100%        5
 Iron Shot                Conj/Erth      2%         9d2       100%        6
 Shadow Creatures         Summ           N/A        N/A       100%        6
 Simulacrum               Ice/Necr       12%        N/A       100%        6
 Statue Form              Tmut/Erth      3%         N/A       100%        6
 Ignition                 Fire           2%         3d3       100%        8
 Shatter                  Erth           2%         3d6*      100%        9
 Tornado                  Air            2%         N/A       100%        9

Inventory:

Hand Weapons
 n - a +3 antimagic spear
   (You took it off a gnoll on level 4 of the Dungeon)
 O - a +7 demon trident of distortion (weapon)
   (You acquired it on level 1 of the Lair of Beasts)
 S - the +4 hand crossbow of Amorality {freeze, Int+6}
   (You found it on level 1 of the Swamp)

   It causes projectiles fired from it to freeze those they strike, causing
   extra injury to most foes and up to half again as much damage against
   particularly susceptible opponents.
   They can also slow down cold-blooded creatures.
   It affects your intelligence (+6).
Missiles
 a - 7 boomerangs of dispersal {=f!f}
 l - 19 poisoned darts (quivered)
 p - 11 javelins
 w - 7 throwing nets {=f!f}
 G - 17 silver javelins
Armour
 f - a +2 buckler of fire resistance
   (You acquired it on level 1 of the Dungeon)
 h - a +2 cloak (worn)
   (You found it on level 2 of the Dungeon)
 v - a +2 pair of boots (worn)
   (You found it on level 4 of the Dungeon)
 H - a +2 hat of stealth (worn)
   (You took it off Gastronok on level 8 of the Dungeon)
 N - a +1 kite shield of protection (worn)
   (You acquired it in a bailey)
 P - the +2 ring mail of the Orb {rF+++ Str-5 Dex-5 Stlth+}
   (You found it on level 6 of the Dungeon)

   It affects your strength (-5).
   It affects your dexterity (-5).
   It renders you almost immune to fire.
   It makes you more stealthy.
 Q - a +0 plate armour (worn)
   (You took it off a minotaur in a Gauntlet)
Magical Staves
 X - a staff of death {!a}
   (You found it in a Gauntlet)
Jewellery
 o - the ring "Qoleosiff" (right claw) {rElec rPois rF+ Slay+6}
   (You acquired it on level 4 of the Dungeon)

   [ring of poison resistance]

   It affects your accuracy and damage with ranged weapons and melee attacks
   (+6).
   It protects you from fire.
   It insulates you from electricity.
   It protects you from poison.
 E - an amulet of reflection (around neck)
   (You took it off a spriggan on level 6 of the Lair of Beasts)
 Y - a +4 ring of slaying (left claw)
   (You took it off a goblin on level 4 of the Dungeon)
 Z - a ring of wizardry
   (You found it on level 6 of the Dungeon)
Wands
 r - a wand of flame (101)
   (You took it off Ijyb on level 4 of the Dungeon)
 u - a wand of polymorph (19)
   (You found it on level 5 of the Dungeon)
 C - a wand of acid (17)
   (You found it on level 3 of the Lair of Beasts)
 I - a wand of paralysis (7)
   (You found it on level 1 of the Swamp)
 K - a wand of digging (4)
   (You found it on level 14 of the Dungeon)
 T - a wand of charming (4)
   (You found it on level 4 of the Swamp)
 V - a wand of iceblast (7)
   (You found it in a Gauntlet)
Scrolls
 b - 14 scrolls of teleportation {@r4}
 c - 5 scrolls of magic mapping {!r}
 g - a scroll of summoning
 k - 7 scrolls of identify {@r1}
 y - 3 scrolls of blinking {!r}
 A - 2 scrolls of fear
 M - a scroll of brand weapon
 U - 3 scrolls of enchant armour
 W - a scroll of fog
Potions
 d - 3 potions of berserk rage {!q}
 e - 21 potions of curing {@q1}
 i - 5 potions of lignification {!q}
 j - 4 potions of might
 m - 9 potions of ambrosia
 q - 3 potions of resistance
 s - 3 potions of mutation {!q}
 t - 3 potions of brilliance
 x - a potion of invisibility
 z - 3 potions of flight
 D - a potion of cancellation
 F - 3 potions of heal wounds {@q2}
 J - 3 potions of haste {@q3}
 L - 2 potions of magic
 R - 3 potions of attraction {!q}
Miscellaneous
 B - a phantom mirror
   (You found it on level 1 of the Lair of Beasts)

Dungeon Overview and Level Annotations

Branches:
Dungeon (15/15)            Temple (0/1) D:6            Lair (6/6) D:10
  Swamp (4/4) Lair:2        Snake (0/4) Lair:2        Slime (0/5) Lair:5
    Orc (2/2) D:10            Elf (0/3) Orc:2        Vaults (1/5) D:13
 Depths (0/5) D:15         Bailey (visited)         Gauntlet (visited)

Altars:
Ashenzari
Dithmenos
Elyvilon
Fedhas
Gozag
Hepliaklqana
Qazlal
Trog
Xom
Yredelemnul
Zin
The Shining One
Beogh
Jiyva

Shops:
D:10 (   D:13 *   Orc:1 (   Orc:2 :*(!

Annotations:
Abyss:1 Jorgrun, Menkaure

..# ..# .. #.# .#
..# .. .. #.# ..#
.## ..# #.. .. ..#
..## .### ..# #..
#p.# ..# #..##@4#
### #C9### ..#
#).# ..#
###)####### ..#
########.........#
..#
#.....p'.........+
..#
#......#.........#
..#
#......#.........#
..#
#......#.........#


You could see an ironbound preserver, a stone giant, a war gargoyle (strong,
catching breath, ally target) and a friendly ice devil (summoned).


Message History

You take 7 damage, and now have 24/146 hp.
You feel much better.
Your hellwing hits the ironbound preserver.
Your hellwing hits the ironbound preserver but does no damage.
The ironbound preserver hits your hellwing with a +0 mace.
The ironbound preserver barely misses you.
The vault guard hits you with a +0 long sword.
* * * LOW HITPOINT WARNING * * *
Your ice devil barely misses the vault guard. 😨 HP[+24]
You regained 24 hp, and now have 48/146 hp.
You puncture the ironbound preserver!
You kill the ironbound preserver!
Lugonu accepts your kill.
The ironbound preserver hits your hellwing but does no damage.
Your hellwing hits the ironbound preserver. x2
The ironbound convoker casts a spell at the war gargoyle.
The war gargoyle seems to grow stronger.
You hear a shout!
Your Necromancy skill increases to level 12! 😨 HP[+1]
You hit the stone giant but do no damage.
Space bends around the stone giant.
You block the vault guard's attack.
Your ice devil hits the vault guard but does no damage.
Your hellwing hits the ironbound preserver!
Your hellwing hits the ironbound preserver.
The ironbound preserver hits your hellwing with a +0 mace!
You puncture the stone giant!
The stone giant blinks!
The vault guard closely misses you.
Your ice devil barely misses the vault guard.
You spit the ironbound convoker like a pig!!!
The ironbound preserver hits your hellwing with a +0 mace!!
Your hellwing dies!
The ironbound convoker hits you but does no damage.
You puncture the ironbound convoker!
You kill the ironbound convoker!
Lugonu accepts your kill. You block the vault guard's attack.
A vault guard comes into view. It is wielding a +0 long sword.
Your ice devil hits the vault guard.
Your ice devil freezes the vault guard!!
You puncture the vault guard!
The vault guard blinks! 😨 HP[+1]
You puncture the war gargoyle!
The war gargoyle blinks!
Reach: O) +7 demon trident (distort)
Press: ? - help, Dir - move target
Okay, then.
You hit the ironbound preserver.
The ironbound preserver blinks!
The stone giant throws a large rock.
You reflect the large rock off an invisible shield around you!
The large rock hits the vault guard!!!
Reach: O) +7 demon trident (distort)
Press: ? - help, Dir - move target, f - vault guard
Aim: a vault guard, wielding a +0 long sword and wearing a +0 plate armour (heavily wounded, about 21% to evade your +7 demon trident of distortion)
You impale the vault guard!!
Space warps horribly around the vault guard!!
You kill the vault guard!
Lugonu accepts your kill.
Reach: O) +7 demon trident (distort)
Press: ? - help, Dir - move target, f - vault guard
Aim: a vault guard, wielding a +0 long sword and wearing a +0 chain mail (heavily wounded, ally target, about 23% to evade your +7 demon trident of distortion)
You reach to attack!
You closely miss the vault guard.
The ironbound preserver casts a spell.
The ironbound preserver begins to accept its allies' injuries. 😨 HP[+1] Reach: O) +7 demon trident (distort)
Press: ? - help, Dir - move target, f/p - vault guard
Aim: a vault guard, wielding a +0 long sword and wearing a +0 chain mail (heavily wounded, ally target, about 23% to evade your +7 demon trident of distortion)
You reach to attack!
You hit the vault guard.
Space warps horribly around the vault guard!!
Reach: O) +7 demon trident (distort)
Press: ? - help, Dir - move target, f/p - vault guard
Aim: a vault guard, wielding a +0 long sword and wearing a +0 chain mail (almost dead, ally target, about 23% to evade your +7 demon trident of distortion)
You puncture the vault guard!
You kill the vault guard!
Lugonu accepts your kill.
Reach: O) +7 demon trident (distort)
Press: ? - help, Dir - move target, f - war gargoyle
Aim: a war gargoyle, wielding a +0 morningstar (lightly damaged, strong, about 10% to evade your +7 demon trident of distortion)
You reach to attack!
You impale the war gargoyle!!
Reach: O) +7 demon trident (distort)
Press: ? - help, Dir - move target, f/p - war gargoyle
Aim: a war gargoyle, wielding a +0 morningstar (heavily damaged, strong, ally target, about 10% to evade your +7 demon trident of distortion)
You hit the war gargoyle but do no damage.
Space warps horribly around the war gargoyle!
The war gargoyle hits you with a +0 morningstar.
* * * LOW HITPOINT WARNING * * *
😨 HP[-3]
You take 3 damage, and now have 48/146 hp.
You hit the war gargoyle but do no damage.
Space warps horribly around the war gargoyle!
The war gargoyle launches metal splinters at you.
The spray of metal splinters hits you!
* * * LOW HITPOINT WARNING * * *
😱 HP[-12]
You take 12 damage, and now have 36/146 hp.
You impale the ironbound preserver!!
The war gargoyle launches metal splinters at you.
The spray of metal splinters hits you!!!
You die...

Skill      XL: |  1  2  3  4  5  6  7  8  9 10 11 12 13 14 15 16 17 18 |
---------------+-------------------------------------------------------+-----
Dodging        | 1 |  1.0
Polearms       | 2 3 4 5 6 8 9 10 11 12 13 15 16 | 16.1
Armour         | 2 3 4 5 7 8 9 10 11 12 | 12.9
Invocations    | 3 4 5 6 8 9 10 | 10.4
Shields        | 1 2 3 4 6 7 8 9 11 | 11.6
Fighting       | 4 5 6 8 9 10 11 12 13 14 | 14.1
Spellcasting   | 2 4 5 7 |  7.1
Necromancy     | 3 5 7 8 10 12 | 12.1
Throwing       | 4 5 |  5.0

Action                   |  1- 3 |  4- 6 |  7- 9 | 10-12 | 13-15 | 16-18 || total
-------------------------+-------+-------+-------+-------+-------+-------++-------
Melee: Spear             |   136 |   103 |   225 |   575 |       |       ||  1039
       Demon trident     |       |       |       |    68 |   774 |  1637 ||  2479
Throw: Boomerang         |       |       |       |     9 |     1 |       ||    10
       Dart              |       |       |       |     1 |     6 |     2 ||     9
       Stone             |       |       |       |       |     3 |       ||     3
       Javelin           |       |       |       |       |     1 |    10 ||    11
Invok: Depart the Abyss  |     1 |       |       |       |       |       ||     1
       Banish            |       |       |     1 |     7 |     2 |       ||    10
       Brand Weapon With |       |       |       |       |       |     1 ||     1
Evoke: Wand              |       |       |     3 |     4 |       |       ||     7
  Use: Scroll            |     3 |     4 |     5 |    10 |    10 |     5 ||    37
       Potion            |       |       |       |     3 |     3 |     3 ||     9
 Stab: Distracted        |       |     1 |       |     4 |     1 |     2 ||     8
       Sleeping          |       |       |       |     7 |     5 |       ||    12
Armor: Scale mail        |    36 |    29 |    60 |   340 |   289 |       ||   754
       Plate armour      |       |       |       |       |    13 |   658 ||   671
Dodge: Dodged            |    38 |    19 |    59 |   195 |   167 |   168 ||   646
Block: Buckler           |    17 |    22 |    31 |    77 |       |       ||   147
       Kite shield       |       |       |       |   205 |   312 |   691 ||  1208
       Reflection        |       |       |       |       |       |    27 ||    27

Levels and vault maps discovered:
D:1:      wander_arrival_fairy_ring, layout_basic,
          ebering_ecumenical_altar_rust, corexii_item_surrounded_by_moat
D:2:      layout_basic, basic_altar
D:3:      layout_loops_corners, glass_columns_b
D:4:      layout_loops_corners, uniq_ijyb
D:5:      layout_basic, gammafunk_ghost_cemetery
D:6:      layout_loops_ring, minmay_temple_entry_sparse_star
D:7:      layout_layer_cave, uniq_menkaure
D:8:      layout_loops_ring, lemuel_coloured_pillars_altar, serial_bayou_lake_a,
          uniq_gastronok
D:9:      layout_small_grid, grunt_temple_overflow_open, lemuel_tele_altar,
          uniq_erica
D:10:     minmay_the_grid_square_5x5_4x4
          [minmay_the_grid_square_5x5_three_small,
          minmay_the_grid_square_5x5_n_small,
          minmay_the_grid_square_5x5_checkered,
          minmay_the_grid_square_5x5_bridge,
          minmay_the_grid_square_5x5_hollow_slash,
          minmay_the_grid_square_5x5_prize_waves,
          minmay_the_grid_square_5x5_prize_gold,
          minmay_the_grid_square_5x5_shuriken, minmay_the_grid_square_5x5_seven,
          minmay_the_grid_square_5x5_prize_rear_guard,
          minmay_the_grid_square_5x5_prize_open,
          minmay_the_grid_square_5x5_corner, minmay_the_grid_square_5x5_two,
          minmay_the_grid_square_5x5_lines, minmay_the_grid_square_5x5_six,
          minmay_the_grid_square_5x5_bracketed], layout_basic,
          grunt_temple_overflow_order_and_chaos_1, tso_oasis_becter,
          nicolae_gozag_cash_rules_everything_around_me, marbit_many_paths,
          serial_shops, shop, enter_bailey_5, minmay_lizard_king
D:11:     layout_cave_pools, hangedman_little_slice_of_home
D:12:     layout_rooms, grunt_decor_arrowhead, hex_tiny, minmay_pinched_square
D:13:     minmay_cornered_nines, layout_layer_cave, david_vaults_5,
          serial_shops, nicolae_shop_stone, nicolae_elyvilon_peaceful_grove
D:14:     layout_layer_cave, corexii_hall_statues_i, disabler_island
D:15:     grunt_enter_depths_hoard, layout_basic,
          chequers_serial_rivers_micro_d, moated_statue, minivault_5,
          uniq_josephine
Lair:1:   layout_layer_cave, basic_altar, infiniplex_staircase_pool_2,
          uniq_nergalle
Lair:2:   layout_chaotic_city, palyth_hydra_swamp_entry,
          guppyfry_snake_entry_island, uniq_harold
Lair:3:   layout_small_grid, gammafunk_ghost_endoplasm,
          minmay_lair_oklob_chamber
Lair:4:   layout_cave_shapes, minmay_lair_oklob_bushes
Lair:5:   layout_small_grid, slime_altar_1, special_room [special_room_bee],
          minmay_hedge_maze, forest_entry_grove, serial_bayou_shore_b
Lair:6:   due_jungle_book, layout_regular_city,
          gammafunk_ghost_wrathful_warriors
Swamp:1:  nicolae_swamp_long_stream, layout_falls_marsh,
          evilmike_swamp_ruin_house_1
Swamp:2:  layout_basic_swamp, evilmike_swamp_ruin_house_3
Swamp:3:  layout_falls_marsh, nicolae_swamp_trees_clearing, uniq_jorgrun
Swamp:4:  swamp_alternative, layout_basic_swamp
Orc:1:    nicolae_orc_accident_1, layout_caves, serial_shops, shop_statue
Orc:2:    st_orc_town, layout_caves, gauntlet_entry_generic, mines5_lemuel,
          uniq_nessos
Vaults:1: v_pattern_5, hangedman_vaults_hat, vaults_door_vault,
          ontoclasm_vaults_chip, v_alt_pattern_6, vaults_mumra_minichess,
          v_misc_30, layout_vaults_omnicross

Notes
Turn   | Place    | Note
-------+----------+-------------------------------------------
     0 | Abyss:1  | spiderkeys the Demonspawn Abyssal Knight began the quest
                  | for the Orb.
     0 | Abyss:1  | Reached XP level 1. HP: 18/18 MP: 2/2
     0 | Abyss:1  | magus.rc [v1.9.10]
   188 | Abyss:1  | Noticed an orange demon
   221 | Abyss:2  | Found a corrupted altar of Lugonu.
   231 | Abyss:2  | Noticed a demonic crawler
   238 | D:1      | You pass through the gate.
   238 | D:1      | Escaped the Abyss
   594 | D:1      | Reached skill level 1 in Dodging
   623 | D:1      | Found a faded altar of an unknown god.
   680 | D:1      | Reached skill level 2 in Polearms
   681 | D:1      | Identified a scroll of acquirement
   681 | D:1      | Acquired a +2 buckler of fire resistance
   773 | D:1      | Gained mutation: A weak demonic guardian rushes to your
                  | aid. [demonic ancestry]
   773 | D:1      | Reached XP level 2. HP: 24/24 MP: 3/3
   892 | D:1      | Reached skill level 2 in Armour
   907 | D:1      | Reached * piety under Lugonu
  1411 | D:2      | Reached XP level 3. HP: 27/29 MP: 5/5
  1722 | D:2      | Reached skill level 3 in Invocations
  1886 | D:2      | Found a bloodstained altar of Trog.
  2280 | D:3      | Reached skill level 1 in Shields
  2280 | D:3      | Gained mutation: You have sharp fingernails. [demonic
                  | ancestry]
  2280 | D:3      | Reached XP level 4. HP: 20/35 MP: 6/6
  2444 | D:3      | Reached ** piety under Lugonu
  2720 | D:3      | You pick up a book of Callings and begin reading...
  2720 | D:3      | You add the spells Summon Small Mammal, Call Imp, Call
                  | Canine Familiar, Summon Guardian Golem, Summon Lightning
                  | Spire and Summon Ice Beast to your library.
  2848 | D:3      | You fall into a shaft and drop 1 floor!
  3042 | D:4      | Acquired the ring "Qoleosiff" {rElec rPois rF+ Slay+6}
  3086 | D:4      | Identified the +3 short sword of the Shining Light {vorpal,
                  | Dex+3}
  3563 | D:4      | Noticed Ijyb
  3576 | D:4      | Killed Ijyb
  3577 | D:4      | Reached skill level 3 in Polearms
  3815 | D:4      | Noticed a scorpion
  3820 | D:4      | Killed a scorpion
  3821 | D:4      | Reached XP level 5. HP: 42/42 MP: 7/7
  4230 | D:4      | Reached XP level 6. HP: 43/48 MP: 2/8
  4468 | D:5      | Entered Level 5 of the Dungeon
  4489 | D:5      | Reached skill level 4 in Fighting
  4489 | D:5      | Reached skill level 2 in Shields
  4489 | D:5      | Reached skill level 4 in Invocations
  4496 | D:5      | Reached skill level 3 in Armour
  4660 | D:5      | Found a runed translucent gate.
  4661 | D:5      | Found a runed translucent gate.
  4661 | D:5      | Found a runed translucent gate.
  4662 | D:5      | Noticed Vyxn's ghost (amateur DESu)
  4662 | D:5      | Noticed Orlauf's ghost (novice DsGl)
  4662 | D:5      | Noticed HendSelp's ghost (novice KoHu)
  4662 | D:5      | Noticed HendSelp's ghost (weakling KoHu)
  4662 | D:5      | Noticed noodleboyJ's ghost (amateur PaMo)
  4767 | D:5      | Reached skill level 4 in Polearms
  4803 | D:5      | Reached XP level 7. HP: 54/54 MP: 3/10
  5218 | D:6      | Identified the +2 scale mail "Vuebaw" {Contam rC- Regen+
                  | Stlth+}
  5413 | D:6      | Identified the +1 pair of gloves "Uzxasec" {-Tele rC++}
  5469 | D:6      | Identified the +2 ring mail of the Orb {rF+++ Str-5 Dex-5
                  | Stlth+}
  5472 | D:6      | Found a staircase to the Ecumenical Temple.
  5527 | D:6      | Reached skill level 5 in Invocations
  5537 | D:6      | Reached *** piety under Lugonu
  5538 | D:6      | Reached skill level 3 in Shields
  5548 | D:6      | Reached skill level 5 in Polearms
  6010 | D:6      | Reached XP level 8. HP: 61/61 MP: 4/12
  6071 | D:7      | Reached skill level 5 in Fighting
  6097 | D:7      | Reached skill level 4 in Armour
  6167 | D:7      | Noticed Menkaure
  6168 | D:7      | Banished Menkaure
  6246 | D:7      | Reached skill level 6 in Invocations
  6684 | D:8      | Reached skill level 6 in Polearms
  6786 | D:8      | Reached skill level 4 in Shields
  6793 | D:8      | Gained mutation: You are partially covered in molten
                  | scales. (AC +2) [demonic ancestry]
  6793 | D:8      | Reached XP level 9. HP: 58/69 MP: 4/13
  6813 | D:8      | Acquired 624 gold pieces
  7115 | D:8      | Reached skill level 7 in Invocations
  7119 | D:8      | Reached skill level 6 in Fighting
  7124 | D:8      | Reached skill level 5 in Armour
  7145 | D:8      | Reached skill level 7 in Polearms
  7166 | D:8      | Reached **** piety under Lugonu
  7195 | D:8      | Noticed Gastronok
  7413 | D:8      | Killed Gastronok
  7414 | D:8      | Reached skill level 8 in Polearms
  7414 | D:8      | Reached skill level 8 in Invocations
  7414 | D:8      | Gained mutation: You are mostly covered in molten scales.
                  | (AC +3) [demonic ancestry]
  7414 | D:8      | Reached XP level 10. HP: 57/77 MP: 4/16
  7486 | D:8      | Found a broken altar of Ashenzari.
  7843 | D:9      | Found a shadowy altar of Dithmenos.
  7845 | D:9      | Found a blossoming altar of Fedhas.
  7889 | D:9      | Noticed Erica
  7897 | D:9      | Killed Erica
  7898 | D:9      | Reached skill level 7 in Fighting
  7898 | D:9      | Reached skill level 6 in Armour
  7906 | D:9      | Found a stormy altar of Qazlal.
  7947 | D:9      | Reached skill level 9 in Invocations
  8168 | D:9      | Reached skill level 9 in Polearms
  8204 | D:9      | Found a hazy altar of Hepliaklqana.
  8529 | D:10     | Entered Level 10 of the Dungeon
  8529 | D:10     | Found Foggedda's Weapon Boutique.
  8553 | D:10     | Found a basalt altar of Yredelemnul.
  8598 | D:10     | Found a staircase to the Lair.
  8600 | D:10     | Found a staircase to the Orcish Mines.
  8653 | D:10     | Noticed a centaur warrior
  8661 | D:10     | Killed a centaur warrior
  8661 | D:10     | Noticed a boulder beetle
  8684 | D:10     | Killed a boulder beetle
  8685 | D:10     | Reached skill level 8 in Fighting
  8685 | D:10     | Reached skill level 7 in Armour
  8685 | D:10     | Gained mutation: You regenerate magic rapidly. [demonic
                  | ancestry]
  8685 | D:10     | Reached XP level 11. HP: 41/86 MP: 6/18
  8752 | D:10     | Identified the +3 broad axe of a wizard's laboratory {pain,
                  | rElec}
  8764 | D:10     | Noticed a boulder beetle
  8788 | D:10     | Found an opulent altar of Gozag.
  8795 | D:10     | Found a flagged portal.
  8825 | D:10     | Reached skill level 10 in Invocations
  8837 | Bailey   | Entered a bailey
  8846 | Bailey   | Noticed an orc warlord
  8964 | Bailey   | Found a runed translucent gate.
  8967 | Bailey   | Found a runed translucent gate.
  8970 | Bailey   | Found a runed translucent gate.
  8975 | Bailey   | Noticed an orc knight
  8999 | Bailey   | Killed an orc knight
  9000 | Bailey   | Reached skill level 10 in Polearms
  9001 | Bailey   | Reached ***** piety under Lugonu
  9126 | Bailey   | Banished an orc warlord
  9178 | Bailey   | Acquired a +1 kite shield of protection
  9365 | D:10     | Reached skill level 1 in Spellcasting
  9438 | D:10     | Reached skill level 1 in Necromancy
  9480 | D:10     | Noticed a two-headed ogre
  9492 | D:10     | Banished a two-headed ogre
  9552 | D:10     | Noticed a four-headed hydra
  9557 | D:10     | Banished a boulder beetle
  9558 | D:10     | Reached skill level 2 in Necromancy
  9590 | D:10     | Banished a four-headed hydra
  9591 | D:10     | Reached skill level 2 in Spellcasting
  9787 | D:10     | Noticed a two-headed ogre
  9802 | D:10     | Killed a two-headed ogre
  9803 | D:10     | Reached skill level 9 in Fighting
  9817 | D:10     | Noticed a tengu warrior
  9865 | D:9      | Reached skill level 3 in Necromancy
  9865 | D:9      | Gained mutation: You have very sharp fingernails. [demonic
                  | ancestry]
  9865 | D:9      | Reached XP level 12. HP: 52/95 MP: 6/19
  9871 | D:9      | Killed a tengu warrior
  9872 | D:9      | Reached skill level 11 in Polearms
  9968 | D:10     | Reached skill level 8 in Armour
 10010 | D:10     | Reached skill level 5 in Shields
 10059 | D:10     | Noticed a two-headed ogre
 10082 | D:10     | Banished a two-headed ogre
 10083 | D:10     | Reached skill level 3 in Spellcasting
 10144 | D:10     | Identified the +6 battleaxe of Floods {drain, rF+ Str+4}
 10151 | D:10     | Identified the ring "Zucy" {Fly rElec rPois Dex+3 Slay-2}
 10306 | D:10     | Noticed a two-headed ogre
 10319 | D:10     | Killed a two-headed ogre
 10412 | D:10     | Noticed an angel
 10418 | D:10     | Found a shimmering altar of Xom.
 10469 | D:10     | Noticed a seven-headed hydra
 10485 | D:10     | Killed a seven-headed hydra
 10627 | D:10     | Noticed a centaur warrior
 10645 | D:10     | Killed a centaur warrior
 10646 | D:10     | Reached skill level 4 in Necromancy
 10675 | Lair:1   | Entered Level 1 of the Lair of Beasts
 10886 | Lair:1   | Noticed Nergalle
 10930 | Lair:1   | Killed Nergalle
 10977 | Lair:1   | Acquired a +2 demon trident of electrocution
 11024 | Lair:1   | Found a basalt altar of Yredelemnul.
 11875 | Lair:2   | Noticed a seven-headed hydra
 11879 | Lair:2   | Noticed a boulder beetle
 11882 | Lair:2   | Killed a seven-headed hydra
 11884 | Lair:2   | Reached skill level 4 in Spellcasting
 11893 | Lair:2   | Killed a boulder beetle
 11942 | Lair:2   | Found a staircase to the Snake Pit.
 12008 | Lair:2   | Reached skill level 5 in Necromancy
 12119 | Lair:2   | Noticed a five-headed hydra
 12123 | Lair:2   | Reached skill level 6 in Shields
 12123 | Lair:2   | Noticed a four-headed hydra
 12130 | Lair:2   | Killed a five-headed hydra
 12141 | Lair:2   | Killed a four-headed hydra
 12142 | Lair:2   | Reached XP level 13. HP: 55/103 MP: 20/20
 12144 | Lair:2   | Reached skill level 12 in Polearms
 12191 | Lair:2   | Found a staircase to the Swamp.
 12335 | Lair:2   | Noticed Harold
 12357 | Lair:2   | Reached skill level 10 in Fighting
 12366 | Lair:2   | Killed Harold
 12923 | Lair:3   | Reached skill level 9 in Armour
 13232 | Lair:3   | Found a runed translucent gate.
 13233 | Lair:3   | Found a runed translucent gate.
 13233 | Lair:3   | Found a runed translucent gate.
 13252 | Lair:3   | Noticed Sizxitze's ghost (journeyman MfMo)
 13427 | Lair:3   | Found a viscous altar of Jiyva.
 14166 | D:5      | Killed Orlauf's ghost
 14174 | D:5      | Killed HendSelp's ghost
 14179 | D:5      | Killed noodleboyJ's ghost
 14181 | D:5      | Killed HendSelp's ghost
 14182 | D:5      | Reached skill level 5 in Spellcasting
 14184 | D:5      | Killed Vyxn's ghost
 14552 | Lair:3   | Reached skill level 6 in Necromancy
 15022 | Lair:4   | Reached ****** piety under Lugonu
 15398 | Lair:5   | Reached skill level 7 in Shields
 15629 | Lair:5   | Reached skill level 7 in Necromancy
 15681 | Lair:5   | Found a viscous altar of Jiyva.
 15681 | Lair:5   | Found a staircase to the Slime Pits.
 15695 | Lair:5   | Gained mutation: You have claws for hands. [demonic
                  | ancestry]
 15695 | Lair:5   | Reached XP level 14. HP: 111/111 MP: 22/22
 15719 | Lair:4   | Reached skill level 13 in Polearms
 15737 | Lair:4   | Reached skill level 6 in Spellcasting
 16759 | Lair:6   | Entered Level 6 of the Lair of Beasts
 16960 | Lair:6   | Reached skill level 11 in Fighting
 17086 | Lair:6   | Reached skill level 10 in Armour
 17210 | Lair:6   | Identified the +0 pair of gloves "Sostofoi" {Int+3 Stlth+}
 17278 | Lair:6   | Reached skill level 8 in Necromancy
 17402 | Lair:6   | Noticed Pooter's ghost (journeyman DsBe)
 17405 | Lair:6   | Found a bloodstained altar of Trog.
 17434 | Lair:6   | Found a transporter.
 17437 | Lair:6   | Found a transporter.
 17856 | Lair:6   | Reached skill level 8 in Shields
 18011 | Lair:6   | HP: 9/113 [dire elephant (28)]
 18295 | Orc:1    | Entered Level 1 of the Orcish Mines
 18359 | Orc:1    | Found Aphopraff's Antique Weapon Boutique.
 18514 | Orc:2    | Entered Level 2 of the Orcish Mines
 18655 | Orc:2    | Found a gate leading to a gauntlet.
 18664 | Gauntlet | Entered a Gauntlet
 18664 | Gauntlet | Found a transporter.
 18664 | Gauntlet | Found a transporter.
 18665 | Gauntlet | Found a transporter.
 18666 | Gauntlet | Found a transporter.
 18666 | Gauntlet | Found a transporter.
 18669 | Gauntlet | Found a transporter.
 18682 | Gauntlet | Found a transporter.
 18682 | Gauntlet | Found a transporter.
 18683 | Gauntlet | Found a transporter.
 18685 | Gauntlet | Found a transporter.
 18694 | Gauntlet | Found a transporter.
 18694 | Gauntlet | Found a transporter.
 18852 | Gauntlet | Reached skill level 7 in Spellcasting
 19021 | Gauntlet | Gained mutation: You are weak. (Str -2) [mutagenic glow]
 19023 | Gauntlet | Identified the +1 scale mail of the Tuna {rN++}
 19024 | Gauntlet | You pick up a book of Dreams and begin reading...
 19024 | Gauntlet | You add the spells Ensorcelled Hibernation, Animate Armour,
                  | Borgnjor's Vile Clutch, Silence and Shadow Creatures to
                  | your library.
 19100 | Gauntlet | Identified a potion of experience
 19107 | Orc:2    | Reached skill level 4 in Throwing
 19107 | Orc:2    | Gained mutation: Your flesh is cold resistant. (rC+)
                  | [demonic ancestry]
 19107 | Orc:2    | Reached XP level 15. HP: 119/119 MP: 25/25
 19319 | Orc:2    | Noticed Nessos
 19368 | Orc:1    | Reached XP level 16. HP: 58/126 MP: 26/26
 19617 | Orc:1    | Reached skill level 5 in Throwing
 19753 | Orc:1    | Reached skill level 14 in Polearms
 20775 | Orc:2    | Killed Nessos
 21554 | Orc:2    | Found a staircase to the Elven Halls.
 21715 | Orc:2    | Found Qucasut's Distillery.
 21715 | Orc:2    | Found Jelouk's Antique Weapon Emporium.
 21812 | Orc:2    | Bought a potion of curing for 45 gold pieces
 21812 | Orc:2    | Bought a potion of curing for 45 gold pieces
 22138 | Orc:2    | Found Roec's Assorted Antiques.
 22138 | Orc:2    | Found Urar's Book Emporium.
 22144 | Orc:2    | Bought a fizzy blue potion for 22 gold pieces
 22144 | Orc:2    | Bought a scroll labelled WEESIYSKEAJUOG for 25 gold pieces
 22144 | Orc:2    | Bought a scroll of identify for 50 gold pieces
 22144 | Orc:2    | Bought a potion of curing for 75 gold pieces
 22464 | D:11     | Acquired the Handbook of the Mountains and Sinister Secrets
 22465 | D:11     | You add the spells Corpse Rot, Stone Arrow, Animate Dead
                  | and Agony to your library.
 22471 | D:11     | Learned a level 4 spell: Animate Dead
 22477 | D:11     | Learned a level 5 spell: Borgnjor's Vile Clutch
 22480 | D:11     | Learned a level 2 spell: Corpse Rot
 23522 | D:12     | Reached skill level 9 in Shields
 23570 | D:12     | You add the spells Sting, Poisonous Vapours, Mephitic
                  | Cloud, Ignite Poison and Olgreb's Toxic Radiance to your
                  | library.
 23577 | D:12     | You pick up a book of Maledictions and begin reading...
 23577 | D:12     | You add the spells Corona, Confusing Touch, Tukima's Dance
                  | and Dazzling Flash to your library.
 23727 | D:12     | Reached skill level 12 in Fighting
 24037 | D:12     | Reached skill level 11 in Armour
 24180 | D:12     | You pick up a book of Air and begin reading...
 24180 | D:12     | You add the spells Shock, Static Discharge, Swiftness,
                  | Airstrike and Lightning Bolt to your library.
 24658 | D:13     | You pick up a book of the Tempests and begin reading...
 24658 | D:13     | You add the spells Ignition, Tornado and Shatter to your
                  | library.
 24841 | D:13     | Found a gate to the Vaults.
 25316 | D:13     | Found Wucosomm's General Store.
 25329 | D:13     | Bought a scroll of enchant armour for 135 gold pieces
 25329 | D:13     | Bought a potion of curing for 54 gold pieces
 25329 | D:13     | Bought a scroll of summoning for 171 gold pieces
 25329 | D:13     | Bought a scroll of identify for 36 gold pieces
 25731 | D:14     | Reached skill level 15 in Polearms
 27404 | D:15     | Entered Level 15 of the Dungeon
 27404 | D:15     | Noticed Josephine
 27584 | D:15     | Killed Josephine
 28336 | D:15     | Found a staircase to the Depths.
 28922 | Lair:3   | Gained mutation: You are immune to freezing clouds.
                  | [demonic ancestry]
 28922 | Lair:3   | Reached XP level 17. HP: 135/135 MP: 27/27
 29098 | Lair:3   | Killed Sizxitze's ghost
 29163 | Lair:3   | You pick up a book of the Earth and begin reading...
 29163 | Lair:3   | You add the spells Leda's Liquefaction, Bolt of Magma,
                  | Statue Form and Iron Shot to your library.
 29538 | Lair:6   | HP: 23/135 [Pooter's ghost (14)]
 29545 | Lair:6   | Killed Pooter's ghost
 30065 | Swamp:1  | Entered Level 1 of the Swamp
 30237 | Swamp:1  | Reached skill level 10 in Shields
 30316 | Swamp:1  | Identified the +4 hand crossbow of Amorality {freeze,
                  | Int+6}
 32118 | Swamp:2  | Reached skill level 13 in Fighting
 32921 | Swamp:2  | Identified a +6 demon trident of distortion (a +4 demon
                  | trident of electrocution corrupted by Lugonu)
 32921 | Swamp:2  | Received a gift from Lugonu
 33171 | Swamp:3  | Reached skill level 16 in Polearms
 33377 | Swamp:3  | Noticed Jorgrun
 33384 | Swamp:3  | Banished Jorgrun
 33385 | Swamp:3  | Reached skill level 12 in Armour
 33736 | Swamp:3  | You pick up a book of Minor Magic and begin reading...
 33736 | Swamp:3  | You add the spells Magic Dart, Blink, Slow and Conjure
                  | Flame to your library.
 33736 | Swamp:3  | You pick up a book of Unlife and begin reading...
 33736 | Swamp:3  | You add the spells Death Channel and Simulacrum to your
                  | library.
 33748 | Swamp:3  | Learned a level 6 spell: Death Channel
 33790 | Swamp:4  | Entered Level 4 of the Swamp
 34518 | Swamp:3  | Reached skill level 9 in Necromancy
 35215 | Swamp:4  | Identified the +5 scale mail of Ethics {Int+6 Dex+4}
 36488 | Swamp:4  | Reached skill level 10 in Necromancy
 36773 | Swamp:4  | Reached skill level 11 in Shields
 36776 | Swamp:4  | Reached XP level 18. HP: 97/144 MP: 28/28
 37207 | Swamp:4  | Got a decaying rune of Zot
 37578 | Vaults:1 | Entered Level 1 of the Vaults
 38788 | Vaults:1 | Identified Yqud's Compendium of Feathery Envenoming
 38925 | Vaults:1 | Reached skill level 11 in Necromancy
 39254 | Vaults:1 | Reached skill level 14 in Fighting
 39895 | Vaults:1 | HP: 30/146 [vault warden/+2 broad axe of flaming (25)]
 39900 | Vaults:1 | HP: 24/146 [ironbound preserver/+0 dire flail (7)]
 39903 | Vaults:1 | Reached skill level 12 in Necromancy
 39916 | Vaults:1 | HP: 36/146 [war gargoyle/spray of metal splinters (13)]
 39917 | Vaults:1 | Killed from afar by a war gargoyle

Vanquished Creatures
  Gastronok (D:8)
  A thorn hunter (Swamp:3)
  A fenstrider witch (Swamp:4)
  3 vault wardens (Vaults:1)
  A ghoul (Swamp:4)
  6 ironbound preservers (Vaults:1)
  Nessos (Orc:2)
  The ghost of Sizxitze the Nimble, a journeyman MfMo of Fedhas (Lair:3)
  An entropy weaver (D:13)
  A minotaur (Gauntlet)
  5 eleionomae
  5 bunyips
  3 dire elephants
  A fire dragon (D:15)
  Josephine (D:15)
  A yaktaur captain (D:13)
  3 vault guards
  An ice dragon (D:15)
  5 boulder beetles
  Harold (Lair:2)
  21 hydras
  An ogre mage (D:15)
  Erica (D:9)
  2 ironbound frosthearts (Vaults:1)
  3 centaur warriors
  An anaconda (Lair:6)
  8 two-headed ogres
  2 death scarabs (Gauntlet)
  5 alligators
  An ironbound beastmaster (Vaults:1)
  11 death yaks
  5 tengu warriors
  An orc high priest (Orc:1)
  Nergalle (Lair:1)
  5 spriggan druids
  5 goliath frogs
  A deep troll (shapeshifter) (D:15)
  12 deep trolls
  2 harpies (Vaults:1)
  10 swamp dragons
  4 bog bodies
  A spectral hydra (Gauntlet)
  3 ironbound convokers
  3 lindwurms (Swamp:4)
  A wizard (Vaults:1)
  4 deep elf pyromancers
  3 orc sorcerers
  10 orc knights
  6 cyclopes
  6 ugly things
  3 oklob plants
  2 will-o-the-wisps
  A moth of wrath (Lair:6)
  4 manticores
  3 black mambas
  9 elephants
  3 vault sentinels (Vaults:1)
  The ghost of Orlauf the Chopper, a novice DsGl (D:5)
  16 cane toads
  An unseen horror (shapeshifter) (D:14)
  2 gargoyles
  A minotaur zombie (Gauntlet)
  2 kobold demonologists
  10 komodo dragons
  3 efreet
  4 rime drakes
  The ghost of HendSelp the Quickloader, a novice KoHu of Okawaru (D:5)
  3 freezing wraiths
  4 yaktaurs (Vaults:1)
  3 meliai (Lair:5)
  3 bloated husks
  A queen bee (Lair:5)
  The ghost of noodleboyJ the Cudgeller, an amateur PaMo of Zin (D:5)
  A polar bear (Lair:5)
  7 trolls
  8 hornets
  6 tyrant leeches
  15 blink frogs
  29 slime creatures
  3 vampires
  A spriggan (shapeshifter) (D:15)
  The ghost of Vyxn the Caller, an amateur DESu of Yredelemnul (D:5)
  7 wraiths
  10 spriggans
  A hog (shapeshifter) (D:10)
  8 shadows
  A spectral komodo dragon (Gauntlet)
  A human (shapeshifter) (D:14)
  6 steam dragons
  51 yaks
  11 basilisks
  5 wyverns
  13 vampire mosquitoes
  18 swamp worms
  12 wargs
  A naga (Lair:2)
  18 water moccasins
  A sky beast (D:7)
  2 swamp drakes (Swamp:3)
  42 orc warriors
  2 necrophages
  A black bear (Lair:5)
  4 ogres
  17 wolves
  12 centaurs
  2 gnoll sergeants
  12 bullfrogs
  2 scorpions
  A wyvern zombie (D:8)
  A water moccasin skeleton (D:5)
  24 killer bees
  7 wights
  2 howler monkeys
  9 electric eels
  The ghost of HendSelp the Bolt Thrower, a weakling KoHu of Sif Muna (D:5)
  5 centaur zombies
  3 hounds
  2 centaur skeletons
  8 orc priests
  2 gnoll shamans
  9 jellies
  A bullfrog skeleton (D:5)
  5 iguanas
  11 orc wizards
  9 hell rats
  A killer bee zombie (D:8)
  20 gnolls
  5 adders
  2 shadow imps
  2 white imps
  2 worms (D:2)
  62 orcs
  3 bats
  11 endoplasms
  3 giant cockroaches
  18 goblins
  5 hobgoblins
  18 kobolds
  3 quokkas
  6 ball pythons
  5 frilled lizards
  6 rats
866 creatures vanquished.

Vanquished Creatures (collateral kills)
  The ghost of Pooter the Basher, a journeyman DsBe of Trog (Lair:6)
  A boulder beetle (D:10)
  A swamp dragon (Swamp:4)
  A hornet (Lair:6)
  A blink frog (Lair:5)
  2 spriggans
  3 yaks (Lair:6)
  A warg (Orc:2)
  A water moccasin (Lair:1)
  An orc warrior (Orc:2)
  A centaur (D:10)
  2 electric eels (D:8)
  Ijyb (D:4)
  An orc (Orc:2)
  2 goblins
  A ball python (D:2)
  A frilled lizard (D:2)
22 creatures vanquished.

Vanquished Creatures (others)
  A shadow (D:10)
  4 briar patches (Swamp:4)
  6 foxfires
  35 fungi
  69 plants
  11 withered plants (Gauntlet)
126 creatures vanquished.

Grand Total: 1014 creatures vanquished

Table legend:
 A = Non-vault XP
 B = Vault XP
 C = Vault XP percentage of total XP
 D = Non-vault monster count
 E = Vault monster count
 F = Vault count percentage of total count
                 A         B        C        D         E       F
            +---------+---------+-------+---------+---------+-------
      Total |  173443 |  118539 |  40.6 |     602 |     317 |  34.5
            +---------+---------+-------+---------+---------+-------
        D:1 |      24 |       0 |   0.0 |      13 |       0 |   0.0
        D:2 |      45 |       0 |   0.0 |      18 |       0 |   0.0
        D:3 |      73 |       0 |   0.0 |      19 |       0 |   0.0
        D:4 |     218 |      29 |  11.7 |      17 |       1 |   5.6
        D:5 |     546 |    1314 |  70.6 |      10 |       5 |  33.3
        D:6 |     429 |       0 |   0.0 |      14 |       0 |   0.0
        D:7 |     670 |     165 |  19.8 |      14 |       1 |   6.7
        D:8 |    1694 |    2201 |  56.5 |      25 |       1 |   3.8
        D:9 |    1927 |    2551 |  57.0 |      17 |       6 |  26.1
       D:10 |    3318 |   12194 |  78.6 |      17 |      37 |  68.5
       D:11 |    4592 |     410 |   8.2 |      16 |       9 |  36.0
       D:12 |    8988 |    6437 |  41.7 |      25 |      15 |  37.5
       D:13 |    6567 |    5730 |  46.6 |      15 |       7 |  31.8
       D:14 |    5674 |     356 |   5.9 |      12 |       4 |  25.0
       D:15 |    9103 |    4192 |  31.5 |      15 |       8 |  34.8
     Lair:1 |    1984 |     792 |  28.5 |      10 |       1 |   9.1
     Lair:2 |    6946 |    4151 |  37.4 |      20 |       9 |  31.0
     Lair:3 |    5537 |    3104 |  35.9 |      28 |       9 |  24.3
     Lair:4 |   13519 |     557 |   4.0 |      28 |       1 |   3.4
     Lair:5 |    9457 |    3400 |  26.4 |      30 |      27 |  47.4
     Lair:6 |   15803 |    5809 |  26.9 |      54 |      12 |  18.2
    Swamp:1 |   10354 |       0 |   0.0 |      18 |       0 |   0.0
    Swamp:2 |   13022 |       0 |   0.0 |      23 |       0 |   0.0
    Swamp:3 |   13840 |   11541 |  45.5 |      24 |      12 |  33.3
    Swamp:4 |   15453 |    8144 |  34.5 |      23 |      11 |  32.4
      Orc:1 |    5662 |    2222 |  28.2 |      43 |      12 |  21.8
      Orc:2 |    1743 |    9394 |  84.3 |      29 |      57 |  66.3
   Vaults:1 |   16255 |   25505 |  61.1 |      25 |      33 |  56.9
     Bailey |       0 |    2832 | 100.0 |       0 |      27 | 100.0
   Gauntlet |       0 |    5509 | 100.0 |       0 |      12 | 100.0
            +---------+---------+-------+---------+---------+-------

Illustrated notes

Table legend:
 A = Kills in this place as a percentage of kills in entire the game.
 B = Kills by you in this place as a percentage of kills by you in the entire game.
 C = Kills by friends in this place as a percentage of kills by friends in the entire game.
 D = Other kills in this place as a percentage of other kills in the entire game.
 E = Experience gained in this place as a percentage of experience gained in the entire game.
 F = Experience gained in this place divided by the number of levels of this place that you have seen.
                   A       B       C       D       E      F
               +-------+-------+-------+-------+-------+----------------------
         Total | 100.0 | 100.0 | 100.0 | 100.0 | 100.0 | 9124.4
       Dungeon |  37.1 |  37.5 |  40.9 |  22.6 |  27.2 | 5296.5
          Lair |  24.9 |  25.4 |  31.8 |   6.5 |  24.3 | 11843.2
         Swamp |  12.1 |  10.6 |  13.6 |  51.6 |  24.8 | 18088.5
  Orcish Mines |  15.3 |  15.9 |  13.6 |   0.0 |   6.5 | 9510.5
        Vaults |   6.3 |   6.1 |   0.0 |  16.1 |  14.3 | 41760.0
        Bailey |   2.9 |   3.0 |   0.0 |   3.2 |   1.0 | 2832.0
      Gauntlet |   1.3 |   1.4 |   0.0 |   0.0 |   1.9 | 5509.0
               +-------+-------+-------+-------+-------+----------------------

Table legend: (Time is in decaauts)
 A = Elapsed time spent in this place.
 B = Non-inter-level travel time spent in this place.
 C = Inter-level travel time spent in this place.
 D = Time resting spent in this place.
 E = Time spent auto-exploring this place.
 F = Levels seen in this place.
 G = Mean time per level.
                   A        B        C        D        E       F      G
               +--------+--------+--------+--------+--------+-----+--------+
         Total |  39558 |  37218 |   2340 |   6063 |  24644 |  32 | 1236.2 |
       Dungeon |  17425 |  16228 |   1197 |   1115 |  12669 |  15 | 1161.7 |
          Lair |   8371 |   7483 |    888 |    309 |   5649 |   6 | 1395.2 |
         Swamp |   7485 |   7280 |    205 |   3419 |   2941 |   4 | 1871.2 |
  Orcish Mines |   3578 |   3530 |     48 |    881 |   1775 |   2 | 1789.0 |
        Vaults |   1638 |   1638 |      0 |    339 |    978 |   1 | 1638.0 |
         Abyss |    237 |    237 |      0 |      0 |    169 |   2 |  118.5 |
        Bailey |    391 |    391 |      0 |      0 |    210 |   1 |  391.0 |
      Gauntlet |    431 |    431 |      0 |      0 |    251 |   1 |  431.0 |
               +--------+--------+--------+--------+--------+-----+--------+

Top non-repeatable levels by time:
 Swamp:3: 3156 daAuts
    D:14: 1893 daAuts
    D:13: 1854 daAuts
   Orc:1: 1794 daAuts
   Orc:2: 1783 daAuts
  Lair:6: 1772 daAuts
    D:10: 1768 daAuts
  Lair:3: 1666 daAuts
Vaults:1: 1638 daAuts
 Swamp:1: 1629 daAuts
 Swamp:2: 1509 daAuts
     D:4: 1378 daAuts
  Lair:1: 1301 daAuts
    D:12: 1289 daAuts
     D:8: 1253 daAuts
